Unix NetHack Version 5.0.0-0 post-release - last build May  4 2026 22:22:43 (774f63e81ad911689b3a0859ea89b322d5daca8d,branch:main).

Game began 2026-05-05 07:57:34, ended 2026-05-05 08:34:17.

08245982402, neutral male human Tourist

             ------------
             |..........|          -----
             |...........####      |...-#
             |..........|   `######...(|#             ---------
  ------     |..........|      #  #|...|#             |.......|
  |.....#####...........|          |...|###         ##-..|....|
  |....|     |...........#         |...|  #         # |.....<.|
  |....|     ------------#         |...|  #         # --|------
  |.....##################         ---.-  #         #   #
  ------                 #           ##`#*###########   ####
                         #            #   #       ##       #
                         #           ##   #        #       #
                         #           #    #        #       ###
                         #      ##############     ##    ----|--
                         #-----------.--  ##-[-----######-.....|
                         #.............|   #|..r@`.#     |.....|
                          |............|   #|.r...|      |.....|
                          |............|   #......|      -------
                          --------------    -------

08245982402 the Sightseer   St:17 Dx:10 Co:14 In:13 Wi:8 Ch:15  Neutral
Dlvl:6  $:429 HP:0(30) Pw:16(16) AC:10 Xp:4 T:2393 

Latest messages:
 You miss the rock mole.
 You see a gas cloud dissipate.
 You have a little trouble lifting a club.  Continue? [ynq] (q) n
 You have a little trouble lifting an iron skull cap.  Continue? [ynq] (q) n
 Something is written here in the dust.
 You read: "V? d w?s n?re".
 You hear a crunching sound.
 You are almost hit by a rock.
 With great effort you move the boulder.
 You hear a monster behind the boulder.
 Perhaps that's why you cannot move it.
 You hear a monster behind the boulder.
 Perhaps that's why you cannot move it.
 You hear a monster behind the boulder.
 Perhaps that's why you cannot move it.
 You see here a rock.
 The gecko bites!
 You hit the gecko.
 The gecko bites!
 You kill the gecko!
 You are hit by a rock.
 You feel strong!
 You must have been exercising diligently.
 You feel tough!
 You must have been leading a healthy life-style.
 Something is engraved here on the headstone.
 You read: "At last... a nice long sleep."
 You see here a scroll labeled HAPAX LEGOMENON.
 K - a scroll labeled HAPAX LEGOMENON.
 Something is written here in the dust.
 You read: "V  d w??  ?rc".
 You miss the rabid rat.
 The rabid rat bites!
 You miss the rabid rat.
 The rabid rat bites!
 You hit the rabid rat.
 The rabid rat bites!
 You miss the rabid rat.
 The rabid rat bites!
 You hit the rabid rat.
 The rabid rat bites!
 You hit the rabid rat.
 The rabid rat bites!
 The rabid rat's bite was poisoned!
 You die...
 Do you want your possessions identified? [ynq] (y) y
 Do you want to see your attributes? [ynq] (y) y
 Do you want an account of creatures vanquished? [ynaq] (y) y
 Do you want to see your conduct and achievements? [ynq] (y) y
 Do you want to see the dungeon overview? [ynq] (y) y

Inventory:
 Coins    ('$')
  $ - 429 gold pieces
 Weapons  (')')
  F - a +0 sling
  a - 29 blessed +2 darts (at the ready)
  o - 22 +0 darts
 Armor    ('[')
  p - an uncursed +0 orcish helm
  s - a cursed -1 orcish helm
  G - a blessed +0 pair of iron shoes
  C - an uncursed +0 pair of low boots
  j - an uncursed +0 Hawaiian shirt with a giant eel motif (being worn)
  y - a cursed +0 orcish ring mail
 Comestibles  ('%')
  f - an uncursed banana
  c - 6 uncursed food rations
  d - 2 uncursed fortune cookies
  e - an uncursed pancake
  q - an uncursed lichen corpse
 Scrolls  ('?')
  K - an uncursed scroll of destroy armor
  n - a blessed scroll of enchant weapon
  x - an uncursed scroll of light
  i - a blessed scroll of magic mapping
  h - 3 uncursed scrolls of magic mapping
 Potions  ('!')
  g - 2 uncursed potions of extra healing
 Rings    ('=')
  z - a cursed -2 ring of gain constitution
  w - an uncursed ring of searching
 Tools    ('(')
  l - an uncursed credit card
  k - an expensive camera (0:64)
  I - an uncursed towel
 Gems/Stones  ('*')
  J - an uncursed worthless piece of orange glass
  r - a cursed worthless piece of orange glass
  E - 8 uncursed rocks

08245982402 the Tourist's attributes:

Background:
 You were a Sightseer, a level 4 male human Tourist.
 You were neutral, nominally on a mission for The Lady
 who was opposed by Blind Io (lawful) and Offler (chaotic).
 You were left-handed.
 You were in the Dungeons of Doom, on level 6.
 You entered the dungeon 2393 turns ago.
 You had 146 experience points, 14 more were needed to attain level 5.

Basics:
 You had 0 out of 30 hit points.
 You had all 16 energy points (spell power).
 Your armor class was 10.
 Your wallet contained 429 zorkmids.
 Autopickup was off.

Final Characteristics:
 Your strength was 17 (limit:18/100).
 Your dexterity was 10 (limit:18).
 Your constitution was 14 (limit:18).
 Your intelligence was 13 (limit:18).
 Your wisdom was 8 (limit:18).
 Your charisma was 15 (limit:18).

Final Status:
 You weren't hungry.
 You were unencumbered.
 You were bare handed.
 You were unskilled in bare handed combat and could have enhanced that.

Final Attributes:
 You were piously aligned.
 You are dead.

Miscellaneous:
 You didn't encounter any bones levels.
 Total elapsed playing time was 36 minutes and 42 seconds.

Major events:
 Turn
    1: 08245982402 the neutral male human Tourist entered the dungeon
 1108: attained the rank of Sightseer (level 3)
 1618: entered the Gnomish Mines
 2393: killed by a rabid rat

You didn't know any spells.

Skills:
 Fighting Skills
   bare handed combat [Unskilled]
   two weapon combat  [Unskilled]
   riding             [Unskilled]
 Weapon Skills
   dagger             [Unskilled]
   knife              [Unskilled]
   axe                [Unskilled]
   pick-axe           [Unskilled]
   short sword        [Unskilled]
   broadsword         [Unskilled]
   long sword         [Unskilled]
   two-handed sword   [Unskilled]
   saber              [Unskilled]
   mace               [Unskilled]
   morning star       [Unskilled]
   flail              [Unskilled]
   hammer             [Unskilled]
   quarterstaff       [Unskilled]
   polearms           [Unskilled]
   spear              [Unskilled]
   trident            [Unskilled]
   lance              [Unskilled]
   bow                [Unskilled]
   sling              [Unskilled]
   crossbow           [Unskilled]
   dart               [Basic]
   shuriken           [Unskilled]
   boomerang          [Unskilled]
   whip               [Unskilled]
   unicorn horn       [Unskilled]
 Spellcasting Skills
   divination spells  [Unskilled]
   enchantment spells [Unskilled]
   escape spells      [Unskilled]

Voluntary challenges:
 Character rerolling was not enabled.
 You were an atheist.
 You never hit with a wielded weapon.
 You were illiterate.
 You never genocided any monsters.
 You never polymorphed an object.
 You never changed form.
 You used no wishes.
Achievements:
 You entered a shop.
 You attained the rank of Sightseer.
 You entered the Gnomish Mines.

 The Dungeons of Doom: levels 1 to 6
    Level 1:
       A fountain.
    Level 2:
    Level 3:
       A general store.
    Level 4:
       Stairs down to The Gnomish Mines.
    Level 5:
       A sink.
    Level 6: <- You were here.
       A grave.
       Final resting place for
          you, killed by a rabid rat.
 The Gnomish Mines:
    Level 5:


Vanquished creatures:
  a fog cloud
  2 dwarves
 an orc zombie
 an acid blob
  a hobbit
  a hobgoblin
  a cave spider
  a yellow mold
  a gnome
  a gecko
  a jackal
  a kobold
  3 goblins
  a sewer rat
  3 grid bugs
  a bat
  3 lichens
  2 kobold zombies
  7 newts
33 creatures vanquished.

No species were genocided or became extinct.

Game over:
                       ----------
                      /          \
                     /    REST    \
                    /      IN      \
                   /     PEACE      \
                  /                  \
                  |   08245982402    |
                  |      429 Au      |
                  |   killed by a    |
                  |    rabid rat     |
                  |                  |
                  |                  |
                  |       2026       |
                 *|     *  *  *      | *
        _________)/\\_//(\/(/\)/\//\/|_)_______

Aloha 08245982402 the Tourist...

You died in The Dungeons of Doom on dungeon level 6 with 969 points,
and 429 pieces of gold, after 2393 moves.
You were level 4 with a maximum of 30 hit points when you died.

